 Dungeon Crawl Stone Soup version 0.28.0-49-g6dfe1f597d (webtiles) character file.

Game seed: 14488892499085081011

4597 pkoi the Frost Mage (level 9, -2/72 HPs)
             Began as a Demigod Ice Elementalist on May 12, 2022.
             Slain by Harold
             ... wielding a +0 long sword
              (18 damage)
             ... on level 7 of the Dungeon.
             The game lasted 00:23:47 (15095 turns).

pkoi the Frost Mage (Demigod Ice Elementalist)     Turns: 15095, Time: 00:23:47

Health: -2/72      AC:  6    Str:  9    XL:     9   Next: 99%
Magic:  13/16      EV: 13    Int: 29    God:
Gold:   364        SH:  5    Dex: 14    Spells: 1/14 levels left

rFire   . . .      SeeInvis +   j - +1 dagger (venom)
rCold   + . .      Faith    .   (no shield)
rNeg    . . .      Spirit   .   z - +1 steam dragon scales
rPois   .          Reflect  +   u - +0 helmet
rElec   .          Harm     .   (no cloak)
rCorr   .          Rampage  .   (no gloves)
Will    .....                   y - +0 pair of boots
Stlth   +++.......              m - amulet of reflection
HPRegen 0.22/turn               i - ring of protection from cold
MPRegen 0.15/turn               s - ring of see invisible

@: marked, very slightly contaminated
A: high MP 1, forlorn, divine attributes, deformed body
a: no special abilities


You were on level 7 of the Dungeon.
You visited 1 branch of the dungeon, and saw 8 of its levels.

You collected 364 gold pieces.

Inventory:

Hand Weapons
 b - a +0 hunting sling
 f - a +1 dagger of electrocution
 h - a +2 vorpal long sword
 j - a +1 dagger of venom (weapon)
 n - a +4 mace
 p - a +1 vampiric trident
 w - a +0 vorpal hunting sling
Missiles
 d - 122 stones
 v - 2 throwing nets
 A - 30 sling bullets
Armour
 a - a +0 robe
 l - a +0 ring mail of cold resistance
 u - a +0 helmet (worn)
 y - a +0 pair of boots (worn)
 z - +1 steam dragon scales (worn)
Jewellery
 i - a ring of protection from cold (left hand)
 m - an amulet of reflection (around neck)
 s - a ring of see invisible (right hand)
Wands
 o - a wand of polymorph (8)
 B - a wand of iceblast (6)
Scrolls
 c - 2 scrolls of identify
Potions
 e - 3 potions of haste
 g - a potion of lignification
 k - 2 potions of curing
 q - 3 potions of might
 t - a potion of brilliance
 x - a potion of ambrosia
 C - a potion of flight {unknown}


   Skills:
 + Level 4.5 Fighting
 + Level 3.2 Short Blades
 - Level 3.1 Armour
 - Level 3.7 Dodging
 + Level 4.0 Stealth
 - Level 3.0 Spellcasting
 + Level 3.5 Conjurations
 + Level 9.4 Ice Magic
 - Level 3.0 Air Magic
 - Level 3.0 Poison Magic


You had one spell level left.
You knew the following spells:

 Your Spells              Type           Power      Damage    Failure   Level
a - Freeze                Ice            100%       1d11      1%          1
b - Frozen Ramparts       Ice            100%       1d12      1%          3
c - Ozocubu's Armour      Ice            56%        N/A       1%          3
d - Poisonous Vapours     Pois/Air       42%        N/A       3%          2
e - Hailstorm             Conj/Ice       42%        3d10      5%          4

Your spell library contained the following spells:

 Spells                   Type           Power      Damage    Failure   Level
 Ensorcelled Hibernation  Hex/Ice        62%        N/A       1%          2
 Corpse Rot               Necr/Air       26%        N/A       6%          2
 Swiftness                Air            21%        N/A       7%          3
 Passwall                 Tmut/Erth      3%         N/A       12%         2
 Spider Form              Tmut/Pois      13%        N/A       12%         3
 Call Canine Familiar     Summ           4%         N/A       22%         3
 Portal Projectile        Hex/Tloc       8%         N/A       22%         3
 Freezing Cloud           Conj/Ice/Air   17%        6-21      24%         5
 Anguish                  Hex/Necr       2%         N/A       58%         4
 Leda's Liquefaction      Hex/Erth       2%         N/A       58%         4
 Simulacrum               Ice/Necr       15%        N/A       86%         6
 Polar Vortex             Ice            28%        N/A       100%        9


Dungeon Overview and Level Annotations

Branches:
Dungeon (8/15)             Temple (0/1) D:5
   Lair: D:8-11

Annotations:
D:3 Sigmund
D:7 Harold
D:8 Grum


Innate Abilities, Weirdness & Mutations

You have an increased reservoir of magic. (+10% MP)
You shall have no god before yourself.
Your divine heritage dramatically boosts your attributes as you level up.
Armour fits poorly on your strangely shaped body.


Message History

Harold grumbles, "Just give up already, I want to go home!"
Harold throws a throwing net.
The throwing net hits you.
You become entangled in the net!
You stop ascending the stairs.
The orc hits you with a +0 club.
You struggle against the net.
The orc hits you with a +0 club.
* * * LOW HITPOINT WARNING * * *
The orc hits you but does no damage.
You struggle against the net.
Harold hits you with a +0 long sword!!
* * * LOW HITPOINT WARNING * * *
The orc hits you with a +0 club.
* * * LOW HITPOINT WARNING * * *
The orc hits you but does no damage.
You struggle against the net.
The orc hits you with a +0 club.
* * * LOW HITPOINT WARNING * * *
Harold closely misses you. The orc hits you but does no damage.
The orc closely misses you.
You struggle against the net.
The orc hits you with a +0 club.
* * * LOW HITPOINT WARNING * * *
Harold hits you with a +0 long sword!
* * * LOW HITPOINT WARNING * * *
The orc barely misses you. The orc closely misses you.
Unknown command.
You rip the net and break free!
The orc hits you but does no damage. You block Harold's attack.
The howler monkey zombie hits you.
* * * LOW HITPOINT WARNING * * *
The orc hits you but does no damage. The orc completely misses you.
Unknown command.
The orc hits you with a +0 club.
* * * LOW HITPOINT WARNING * * *
You block Harold's attack.
The howler monkey zombie barely misses you.
The orc closely misses you. The orc hits you but does no damage.
You climb upwards.
There is a stone staircase leading down here.
Casting: Ozocubu's Armour (safe; 1% risk of failure)
Confirm with . or Enter, or press ? or * to list all spells.
You miscast Ozocubu's Armour.
You are very lightly contaminated with residual magic.
Nothing appears to happen.
Harold hits you with a +0 long sword!!
You die...

.≈........≈P♣≈♣## ##.###.##.##..
.≈..≈♣≈≈≈≈≈≈PP≈≈# ###.....##.####
≈≈≈≈≈≈P≈P≈≈P≈≈P≈♣ #...#...##.#
≈≈≈≈≈≈≈≈≈≈≈≈≈P≈≈# #.#.≈≈.♣##.#
#♣≈≈≈≈≈≈PP≈≈♣♣≈## #.#♣≈≈.≈≈#.#
#♣≈≈≈≈≈≈≈≈≈♣♣### #.♣≈≈≈.≈≈≈.####
#P≈≈≈♣P≈≈##.# #.≈≈≈≈.≈≈≈≈....
.#♣≈♣♣♣≈###.#######.≈≈≈≈.≈≈≈≈#..#
#.####.####.##oo@@o.♣≈≈≈.≈≈≈≈#..#
#.≈≈≈≈≈.....##.#####≈≈≈≈.≈≈≈♣#..#
#≈≈≈≈≈≈≈######)# ##≈♣≈.≈≈≈♣....
#≈≈###≈≈.......# #♣♣≈.≈≈≈.#..#
≈≈##≈##≈≈####### ♣≈.≈≈≈.....
≈≈#≈≈≈#≈≈≈# #♣♣≈.≈≈≈....#
≈##≈≈≈##≈≈# #≈≈≈.≈≈≈≈#.##
≈#≈≈≈≈≈#≈≈# ♣♣≈≈.≈≈≈♣♣.#♣
≈##≈≈≈##≈≈# #♣♣≈≈.≈≈≈♣♣♣♣


You could see Harold and 3 orcs.

Vanquished Creatures
  Pikel (D:4)
  Joseph (D:7)
  Maggie (D:7)
  A wyvern (D:7)
  A steam dragon (D:6)
  2 swamp worms (D:7)
  2 orc warriors (D:6)
  A black bear (D:6)
  A sky beast (D:8)
  A necrophage (D:6)
  2 ogres
  A centaur (D:7)
  2 kobold brigands
  A bullfrog (D:7)
  A wyvern zombie (D:6)
  A scorpion (D:5)
  A wyvern skeleton (D:6)
  12 wights
  5 killer bees
  5 electric eels (D:7)
  2 hounds (D:7)
  A jelly (D:8)
  An orc priest (D:4)
  2 centaur skeletons (D:7)
  2 gnoll shamans
  7 iguanas
  7 orc wizards
  A scorpion zombie (D:5)
  Natasha (thrice) (D:4)
  A howler monkey zombie (D:5)
  13 gnolls
  11 adders
  2 shadow imps (D:6)
  An ufetubus (D:7)
  An adder zombie (D:5)
  An adder skeleton (D:5)
  2 worms
  3 dart slugs
  16 orcs
  10 endoplasms
  5 giant cockroaches
  12 goblins
  4 hobgoblins
  7 jackals
  6 quokkas
  3 ball pythons
  6 bats
  5 frilled lizards
  19 kobolds
  10 rats
207 creatures vanquished.

Vanquished Creatures (others)
  45 plants (D:7)
45 creatures vanquished.

Grand Total: 252 creatures vanquished

Notes
Turn   | Place    | Note
-------+----------+-------------------------------------------
     0 | D:1      | pkoi the Demigod Ice Elementalist began the quest for the
                  | Orb.
     0 | D:1      | Reached XP level 1. HP: 14/14 MP: 5/5
   340 | D:1      | Reached skill level 4 in Ice Magic
   601 | D:1      | Reached XP level 2. HP: 20/20 MP: 2/7
  1714 | D:1      | Reached XP level 3. HP: 9/26 MP: 3/8
  2375 | D:1      | Reached skill level 5 in Ice Magic
  2873 | D:2      | Reached XP level 4. HP: 26/33 MP: 6/9
  3605 | D:2      | Learned a level 3 spell: Frozen Ramparts
  4433 | D:3      | Reached skill level 6 in Ice Magic
  4433 | D:3      | Reached XP level 5. HP: 38/38 MP: 6/10
  4603 | D:3      | Noticed Sigmund
  4735 | D:3      | Learned a level 3 spell: Ozocubu's Armour
  5017 | D:3      | Noticed an ogre
  5022 | D:3      | Killed an ogre
  5023 | D:3      | Reached skill level 1 in Armour
  5514 | D:4      | Reached skill level 1 in Fighting
  5567 | D:4      | Reached XP level 6. HP: 47/47 MP: 7/12
  5974 | D:4      | Gained mutation: You expend magic power (3 MP) to
                  | strengthen your wands. [potion of mutation]
  5974 | D:4      | Gained mutation: You tend to lose your temper in combat.
                  | [potion of mutation]
  6831 | D:4      | Noticed Natasha
  6836 | D:4      | Killed Natasha
  6971 | D:4      | Noticed Pikel
  6993 | D:4      | Noticed Natasha
  7001 | D:3      | Learned a level 2 spell: Poisonous Vapours
  7035 | D:4      | Killed Natasha
  7106 | D:4      | Killed Pikel
  7107 | D:4      | Reached skill level 1 in Air Magic
  7107 | D:4      | Reached skill level 1 in Poison Magic
  7107 | D:4      | Reached XP level 7. HP: 51/56 MP: 2/14
  7283 | D:4      | Noticed Natasha
  7297 | D:4      | Killed Natasha
  7590 | D:5      | Entered Level 5 of the Dungeon
  8109 | D:5      | Reached XP level 8. HP: 62/62 MP: 4/15
  8592 | D:5      | Found a staircase to the Ecumenical Temple.
  9110 | D:6      | Reached skill level 7 in Ice Magic
  9937 | D:4      | Lost mutation: You expend magic power (3 MP) to strengthen
                  | your wands. [potion of mutation]
  9937 | D:4      | Lost mutation: You tend to lose your temper in combat.
                  | [potion of mutation]
  9937 | D:4      | Gained mutation: Armour fits poorly on your strangely
                  | shaped body. [potion of mutation]
 10558 | D:6      | Reached skill level 8 in Ice Magic
 11105 | D:6      | Learned a level 4 spell: Hailstorm
 11408 | D:7      | Reached skill level 1 in Conjurations
 11420 | D:7      | Reached XP level 9. HP: 48/69 MP: 10/16
 11804 | D:7      | Reached skill level 1 in Short Blades
 12236 | D:7      | Reached skill level 9 in Ice Magic
 12258 | D:7      | Noticed Joseph
 12272 | D:7      | Killed Joseph
 12276 | D:7      | Noticed Maggie
 12341 | D:7      | Killed Maggie
 14657 | D:8      | Noticed Grum
 14702 | D:8      | Noticed Harold
 15095 | D:7      | Slain by Harold

Illustrated notes

Levels and vault maps discovered:
D:1:      co_arrival_random_square_maze, layout_rooms, minmay_misc_feat_columns
D:2:      layout_basic, nicolae_concentric_dashed_squares_wild, kennysheep_nub,
          minmay_heptomino_o4
D:3:      layout_basic, shapermc_ecumenical_altar_totnotflames,
          grunt_ministairs_1, uniq_sigmund
D:4:      layout_gridville, small_statue_intersection, uniq_pikel, uniq_natasha
D:5:      layout_basic, minmay_temple_entry_nine_rooms
D:6:      layout_loops_corners, lemuel_tele_altar,
          chequers_serial_rivers_micro_c
D:7:      layout_loops_ring, mainiacjoe_overflow_small_starburst, serial_bayou,
          serial_bayou_ford_a, serial_bayou_lagoon_b, serial_bayou_shore_b,
          serial_bayou_shore_a, serial_bayou_pond_a, serial_bayou_pond_d,
          enter_bailey_3, worms_lemuel, uniq_maggie, uniq_joseph
D:8:      layout_cave_pods, grunt_temple_overflow_growth_and_decay, st_stairs_7,
          minmay_microvault, uniq_harold, uniq_grum, uniq_erica

Skill      XL: |  1  2  3  4  5  6  7  8  9 |
---------------+----------------------------+-----
Ice Magic      | 4 5 6 8 9 |  9.4
Armour         | 1 2 3 |  3.1
Dodging        | 2 3 |  3.7
Spellcasting   | 2 3 |  3.0
Fighting       | 1 2 3 4 |  4.5
Air Magic      | 1 3 |  3.0
Poison Magic   | 1 2 3 |  3.0
Conjurations   | 1 3 |  3.5
Stealth        | 4 |  4.0
Short Blades   | 3 |  3.2

Action                   |  1- 3 |  4- 6 |  7- 9 || total
-------------------------+-------+-------+-------++-------
Melee: Long sword        |       |       |    10 ||    10
       Dagger            |       |       |   210 ||   210
       Punch             |       |       |     8 ||     8
       Trident           |       |       |     5 ||     5
 Fire: Hunting sling     |    46 |   176 |    13 ||   235
 Cast: Freeze            |    41 |    32 |    12 ||    85
       Frozen Ramparts   |       |    17 |    35 ||    52
       Ozocubu's Armour  |       |    10 |    39 ||    49
       Poisonous Vapours |       |     1 |     6 ||     7
       Hailstorm         |       |       |    18 ||    18
Evoke: Wand              |       |       |     1 ||     1
  Use: Scroll            |       |     5 |     4 ||     9
       Potion            |       |     5 |     6 ||    11
 Stab: Sleeping          |       |       |     6 ||     6
Armor: Robe              |     5 |    18 |     9 ||    32
       Steam dragon scal |       |       |    79 ||    79
       Skin              |       |       |    13 ||    13
Dodge: Dodged            |    25 |    49 |   155 ||   229
Block: Other             |       |     7 |    69 ||    76
       Reflection        |       |     2 |     1 ||     3
